 Dungeon Crawl Stone Soup version 0.24.0-13-gcf9b319 (webtiles) character file.

Game seed: 9418688440500727382, levelgen mode: deterministic

51 Fortress the Conjurer (level 3, -1/26 HPs)
             Began as a Draconian Conjurer on Jan 16, 2020.
             Slain by a hobgoblin
             ... wielding a +0 club
              (4 damage)
             ... on level 2 of the Dungeon.
             The game lasted 00:05:17 (1715 turns).

Fortress the Conjurer (Draconian Conjurer)          Turns: 1715, Time: 00:05:18

Health: -1/26      AC: 11    Str: 10    XL:     3   Next: 57%
Magic:  1/6        EV: 12    Int: 16    God:
Gold:   118        SH:  0    Dex: 11    Spells: 5/6 levels left

rFire    . . .     SeeInvis .   (no weapon)
rCold    . . .     Gourm    .   (no shield)
rNeg     . . .     Faith    .   (armour unavailable)
rPois    .         Spirit   .   (helmet restricted)
rElec    .         Reflect  .   (no cloak)
rCorr    .         Harm     .   (no gloves)
MR       .....                  (no boots)
Stlth    +.........             (no amulet)
HPRegen  0.08/turn              f - +6 ring of protection
MPRegen  0.10/turn              (no ring)

@: confused
A: unfitting armour, cold-blooded, AC +5
a: no special abilities


You were on level 2 of the Dungeon.
You were near starving.

You visited 1 branch of the dungeon, and saw 2 of its levels.

You collected 118 gold pieces.

Inventory:

Jewellery
 f - a +6 ring of protection (left hand)
Scrolls
 c - 2 scrolls of remove curse {unknown}
 e - a scroll of fog {unknown}
 i - a scroll of fear {unknown}
 j - a scroll of teleportation {unknown}
Potions
 a - a potion of curing {unknown}
 d - a potion of flight {unknown}
 g - a potion of ambrosia {unknown}
 h - a potion of brilliance {unknown}
 k - a potion of haste {unknown}
Comestibles
 b - a ration


   Skills:
 - Level 2.3 Dodging
 + Level 1.8 Stealth
 + Level 2.3 Spellcasting
 + Level 4.8 Conjurations


You had 5 spell levels left.
You knew the following spells:

 Your Spells              Type           Power        Failure   Level  Hunger
a - Magic Dart            Conj           ###.         2%          1    #......

Your spell library contained the following spells:

 Spells                   Type           Power        Failure   Level  Hunger
 Searing Ray              Conj           ###...       4%          2    ###....
 Dazzling Spray           Conj/Hex       #.....       22%         3    ###....
 Iskenderun's Mystic Bla  Conj           ###.....     26%         4    #####..
 Force Lance              Conj/Tloc      #.......     58%         4    #####..
 Fulminant Prism          Conj/Hex       #.........   58%         4    #####..


Dungeon Overview and Level Annotations

Branches:
Dungeon (2/15)

Altars:

Annotations:
D:1 exclusion: downstairs
D:2 Sigmund


Innate Abilities, Weirdness & Mutations

Your plain brown scales are hard. (AC +5)
You cannot fit into any form of body armour.
You are cold-blooded and may be slowed by cold attacks.


Message History

Sigmund gestures at you while chanting.
The puff of flame hits you but does no damage.
The hobgoblin misses you.
You are near starving!
Sigmund casts a spell at you. The magic dart hits you.
* * * LOW HITPOINT WARNING * * *
The hobgoblin hits you but does no damage.
You're too confused to cast spells.
Sigmund casts a spell at you. The puff of flame hits you.
* * * LOW HITPOINT WARNING * * *
The hobgoblin hits you but does no damage.
You closely miss Sigmund.
Your tail-slap misses Sigmund.
Sigmund is almost dead.
Sigmund hits you but does no damage. The hobgoblin barely misses you.
Sigmund barely misses you.
There is a stone staircase leading down here.
You miss the hobgoblin. The hobgoblin hits you with a +0 club.
You die...

..?........##....#
......
....>......##....#
......
.>......[..##.)..#
......
...........##....#
......
...).......'...).#
......
...........##....#
......
...........##.@..#
#####
..!........##....#
...............g@#
...............###
###########....# #
#....# ### #
#....# #.# #
#....# #.# #####
#.# #.# #.#


You could see Sigmund and a hobgoblin.

Vanquished Creatures
  2 adders (D:2)
  A dart slug (D:1)
  A leopard gecko (D:2)
  3 bats
  5 hobgoblins
  6 jackals
  2 frilled lizards
  3 goblins
  3 kobolds (D:2)
  A rat (D:2)
27 creatures vanquished.

Notes
Turn   | Place    | Note
-------+----------+-------------------------------------------
     0 | D:1      | Fortress the Draconian Conjurer began the quest for the
                  | Orb.
     0 | D:1      | Reached XP level 1. HP: 14/14 MP: 3/3
   247 | D:1      | Reached XP level 2. HP: 20/20 MP: 0/5
   929 | D:2      | Noticed Sigmund
  1180 | D:2      | Reached XP level 3. HP: 22/26 MP: 0/6
  1715 | D:2      | Slain by a hobgoblin

Levels and vault maps discovered:
D:1:      co_arrival_random_square_maze, layout_basic
D:2:      layout_basic, grunt_decor_resistance, minmay_splitting_lines,
          uniq_sigmund

Skill      XL: |  1  2 |
---------------+-------+-----
Dodging        | 2 |  2.3
Stealth        | |  1.8
Spellcasting   | |  2.3
Conjurations   | |  4.8

Action                   || total
-------------------------++-------
Melee: Unarmed           ||    52
       Tailslap          ||     7
 Cast: Magic Dart        ||    66
  Eat: Chunk             ||     2
Armor: Skin              ||    25
Dodge: Dodged            ||    52
